 Dungeon Sprint DCSS version 0.26-a0-958-gf3041fb45f (webtiles) character file.

Game seed: 10021439399272939592

1287 Tocho the Carver (level 8, 0/75 HPs)
             Began as a Human Berserker on Dec 1, 2020.
             Was a Priest of Trog.
             Shot with an arrow by a centaur warrior (17 damage)
             ... in the Dungeon (Sprint I: "Red Sonja").
             The game lasted 00:02:54 (840 turns).

Tocho the Carver (Human Berserker)                   Turns: 840, Time: 00:02:55

Health: 0/75       AC:  9    Str: 20    XL:     8   Next: 85%
Magic:  8/8        EV: 13    Int:  7    God:    Trog [***...]
Gold:   91         SH:  0    Dex: 13    Spells: 7/7 levels left

rFire    . . .     SeeInvis .   a - +0 falchion
rCold    . . .     Faith    .   (no shield)
rNeg     . . .     Spirit   .   k - +1 scale mail {MR+}
rPois    .         Reflect  .   (no helmet)
rElec    .         Harm     .   (no cloak)
rCorr    .         Rampage  .   (no gloves)
MR       +....     NoTele   +   (no boots)
Stlth    ..........             (no amulet)
HPRegen  0.22/turn              (no ring)
MPRegen  0.11/turn              (no ring)

@: berserk cooldown, slowed, very slow
A: no striking features
a: Berserk, Trog's Hand, Renounce Religion


You were in the Dungeon.
You worshipped Trog.
Trog was most pleased with you.
You visited 1 branch You collected 315 gold pieces.
You spent 224 gold pieces at shops.

Inventory:

Hand Weapons
 a - a +0 falchion (weapon)
Armour
 b - a +0 animal skin
 i - a +0 scale mail
 k - a +1 scale mail of magic resistance (worn)
Scrolls
 h - a scroll of blinking
Potions
 e - a potion of haste
 f - 2 potions of magic
 g - a potion of berserk rage
 j - a potion of ambrosia {unknown}


   Skills:
 + Level 11.4 Fighting
 + Level 11.9 Long Blades
 + Level 7.6 Armour
 + Level 5.6 Dodging


You had 7 spell levels left.
You didn't know any spells.
Your spell library was empty.

Dungeon Overview and Level Annotations

Branches:
Dungeon (1/1)

Altars:
Cheibriados
Dithmenos
Elyvilon
Fedhas
Gozag
Hepliaklqana
Kikubaaqudgha
Makhleb
Nemelex Xobeh
Okawaru
Qazlal
Ru
Sif Muna
Trog
Uskayaw
Vehumet
Wu Jian
Xom
Yredelemnul
Zin
The Shining One
Jiyva
Lugonu

Shops:
D [


Message History

The centaur warrior shoots an arrow.
The arrow hits you!
You see here 2 arrows.
A centaur warrior is nearby!
The centaur warrior shoots an arrow.
The arrow hits you!!
* * * LOW HITPOINT WARNING * * *
The centaur warrior shoots an arrow.
The arrow closely misses you.
Things that are here:
an arrow; a +0 scythe; a +0 robe The centaur warrior shoots an arrow.
The arrow misses you.
There is an open door here.
You feel much better.
The centaur warrior shoots an arrow.
The arrow hits you!
The centaur warrior shoots an arrow.
The arrow hits you!
* * * LOW HITPOINT WARNING * * *
You feel much better.
The centaur warrior shoots an arrow.
The arrow hits you!
The centaur warrior shoots an arrow.
The arrow hits you!
* * * LOW HITPOINT WARNING * * *
You feel better.
The centaur warrior shoots an arrow.
The arrow hits you!
* * * LOW HITPOINT WARNING * * *
The centaur warrior shoots an arrow.
The arrow hits you!
You die...

###################
#<.#..).@#.('c.#__#
#..'..#..'(c#..'^.+
#..#####(#####c#__# #
#..####..#...#(####[§#
#..#__####..##.#§≈≈§c#
#..#_____##'#_.c§§§§
#⌠⌠#_.∩...'..._#§≈≈.§#
####_..__##_.#'##+####
#_____###+#.#


You could see a centaur warrior.

Vanquished Creatures
  A centaur warrior (D)
  A slime creature (D)
  Sigmund (D)
  A yak (D)
  An ogre (D)
  A jelly (D)
  Ijyb (D)
7 creatures vanquished.

Vanquished Creatures (others)
  A gargoyle (D)
1 creature vanquished.

Grand Total: 8 creatures vanquished

Notes
Turn   | Place    | Note
-------+----------+-------------------------------------------
     0 | D        | Tocho the Human Berserker began the quest for the Orb.
     0 | D        | Reached XP level 1. HP: 18/18 MP: 1/1
     2 | D        | Noticed Ijyb
    14 | D        | Killed Ijyb
    15 | D        | Reached XP level 2. HP: 26/26 MP: 2/2
    15 | D        | Reached XP level 3. HP: 31/31 MP: 3/3
    94 | D        | Noticed an ogre
    98 | D        | Killed an ogre
    99 | D        | Reached XP level 4. HP: 41/41 MP: 4/4
    99 | D        | Reached XP level 5. HP: 47/47 MP: 5/5
   259 | D        | Noticed Sigmund
   266 | D        | Killed Sigmund
   266 | D        | Reached ** piety under Trog
   267 | D        | Reached XP level 6. HP: 57/57 MP: 6/6
   327 | D        | Found an ornate altar of the Wu Jian Council.
   327 | D        | Found a shimmering blue altar of Sif Muna.
   329 | D        | Found a radiant altar of Vehumet.
   425 | D        | Found Laohuzer's Armour Emporium.
   425 | D        | Found an ancient bone altar of Kikubaaqudgha.
   425 | D        | Found a hazy altar of Hepliaklqana.
   425 | D        | Found a stormy altar of Qazlal.
   425 | D        | Found a hide-covered altar of Uskayaw.
   425 | D        | Found a blossoming altar of Fedhas.
   425 | D        | Found a bloodstained altar of Trog.
   425 | D        | Found an iron altar of Okawaru.
   425 | D        | Found a basalt altar of Yredelemnul.
   425 | D        | Found a glowing golden altar of the Shining One.
   425 | D        | Found a snail-covered altar of Cheibriados.
   425 | D        | Found a sacrificial altar of Ru.
   425 | D        | Found a glowing silver altar of Zin.
   425 | D        | Found a shadowy altar of Dithmenos.
   425 | D        | Found a white marble altar of Elyvilon.
   425 | D        | Noticed a yak
   433 | D        | Killed a yak
   434 | D        | Reached skill level 5 in Armour
   434 | D        | Reached XP level 7. HP: 64/64 MP: 7/7
   434 | D        | Found an opulent altar of Gozag.
   435 | D        | Found a sparkling altar of Nemelex Xobeh.
   512 | D        | Found a burning altar of Makhleb.
   512 | D        | Found a viscous altar of Jiyva.
   512 | D        | Found a shimmering altar of Xom.
   512 | D        | Found a corrupted altar of Lugonu.
   512 | D        | Noticed a slime creature
   521 | D        | Killed a slime creature
   522 | D        | Reached skill level 10 in Fighting
   522 | D        | Reached skill level 10 in Long Blades
   782 | D        | Bought a +1 scale mail of magic resistance for 224 gold
                  | pieces
   802 | D        | Killed a gargoyle
   809 | D        | Noticed a centaur warrior
   809 | D        | Noticed a centaur warrior
   824 | D        | Killed a centaur warrior
   824 | D        | Reached *** piety under Trog
   825 | D        | Reached skill level 5 in Dodging
   825 | D        | Reached XP level 8. HP: 75/75 MP: 8/8
   840 | D        | Shot with an arrow by a centaur warrior

Illustrated notes

Levels and vault maps discovered:
D:        dungeon_sprint_1 [red_sonja_temple_1, red_sonja_temple_small_1]

Skill      XL: |  1  2  3  4  5  6  7 |
---------------+----------------------+-----
Fighting       | 4 6 8 9 11 | 11.4
Long Blades    | 4 6 8 9 11 | 11.9
Armour         | 3 4 5 7 |  7.6
Dodging        | 3 4 5 |  5.6

Action                   |  1- 3 |  4- 6 |  7- 9 || total
-------------------------+-------+-------+-------++-------
Melee: Falchion          |    13 |    15 |    18 ||    46
Invok: Berserk           |     2 |     2 |     2 ||     6
  Use: Potion            |       |       |     3 ||     3
Armor: Animal skin       |     3 |       |       ||     3
       Scale mail        |       |     3 |     2 ||     5
Dodge: Dodged            |     1 |     5 |     9 ||    15
       Rpst.: Falchion   |       |     2 |     1 ||     3

Table legend: (Time is in decaauts)
 A = Elapsed time spent in this place.
 B = Non-inter-level travel time spent in this place.
 C = Inter-level travel time spent in this place.
 D = Time resting spent in this place.
 E = Time spent auto-exploring this place.
 F = Levels seen in this place.
 G = Mean time per level.
                   A        B        C        D        E       F      G
               +--------+--------+--------+--------+--------+-----+--------+
         Total |    888 |    888 |      0 |    669 |      0 |   1 |  888.0 |
       Dungeon |    888 |    888 |      0 |    669 |      0 |   1 |  888.0 |
               +--------+--------+--------+--------+--------+-----+--------+

Top non-repeatable levels by time:
       D: 888 daAuts
